 Dungeon Crawl Stone Soup version 0.27-a0-681-g0c81a3c1c3 (webtiles) character file.

Game seed: 14663024942042773430

369 robertstho the Sneak (level 6, -3/44 HPs)
             Began as an Octopode Berserker on Mar 19, 2021.
             Was a Believer of Trog.
             Killed from afar by an orc wizard (6 damage)
             ... with a magic dart
             ... on level 4 of the Dungeon.
             The game lasted 00:03:05 (3889 turns).

robertstho the Sneak (Octopode Berserker)           Turns: 3889, Time: 00:03:07

Health: -3/44      AC:  1    Str: 16    XL:     6   Next: 70%
Magic:  6/6        EV: 13    Int: 10    God:    Trog [**....]
Gold:   210        SH:  5    Dex: 13    Spells: 5/5 levels left

rFire    . . .     SeeInvis .   f - +1 dagger (speed)
rCold    . . .     Faith    .   b - +2 buckler
rNeg     . . .     Spirit   .   (helmet restricted)
rPois    .         Reflect  .   (no amulet)
rElec    .         Harm     .   (no ring)
rCorr    .         Rampage  .   (no ring)
Will     ++...                  (no ring)
Stlth    ++++......             (no ring)
HPRegen  1.14/turn              (no ring)
MPRegen  0.10/turn              (no ring)
                                (no ring)
                                (no ring)

@: berserk cooldown, flying, regenerating, slowed, very slow
A: almost no armour, amphibious, 8 rings, camouflage 1, gelatinous body 1,
nimble swimmer 1, tentacles
a: Renounce Religion, Berserk, Trog's Hand


You were on level 4 of the Dungeon.
You worshipped Trog.
Trog was pleased with you.
You visited 1 branch of the dungeon, and saw 4 of its levels.

You collected 210 gold pieces.

Inventory:

Hand Weapons
 a - a +0 short sword
 f - a +1 dagger of speed (weapon)
Armour
 b - a +2 buckler (worn)
Jewellery
 j - a ring of wizardry
Scrolls
 c - 5 scrolls of magic mapping {unknown}
 e - a scroll of enchant weapon {unknown}
 g - 4 scrolls of brand weapon {unknown}
 h - a scroll of vulnerability {unknown}
 k - a scroll of torment {unknown}
 l - a scroll of fog {unknown}
 o - a scroll of amnesia {unknown}
Potions
 i - 2 potions of lignification {unknown}
 m - a potion of attraction {unknown}
 n - a potion of curing {unknown}


   Skills:
 * Level 4.4 Fighting
 + Level 4.1 Short Blades
 * Level 3.9 Dodging
 * Level 5.6 Stealth
 + Level 0.8 Shields


You had 5 spell levels left.
You didn't know any spells.
Your spell library was empty.

Dungeon Overview and Level Annotations

Branches:
Dungeon (4/15)
 Temple: D:4-7

Altars:
Cheibriados
Dithmenos
Gozag
Kikubaaqudgha
Zin


Innate Abilities, Weirdness & Mutations

You cannot wear most types of armour.
You are amphibious.
You can wear up to eight rings at the same time.
Your skin changes colour to match your surroundings (Stealth+).
Your rubbery body absorbs attacks. (AC +1, EV +1)
You are stealthy while swimming. (Stealth+)
You have tentacles for arms and can constrict up to eight enemies at once.


Message History

Deactivating autopickup; reactivate with Ctrl-A.
You are confused.
You closely miss the orc. You squeeze the orc!
You kill the orc!
Trog accepts your kill.
You bump into the rock wall.
A magic dart appears from out of thin air!
The magic dart hits you.
You feel a strong urge to attack something.
You're too confused to move!
You feel your anger nearly subside.
You are no longer berserk.
You are exhausted.
You feel yourself slow down.
You miss something. Your squeeze misses something.
Something hits you but does no damage.
You completely miss something. Something hits you.
You hit something.
You feel less confused. You block something's attack.
You barely miss something. Something hits you.
You hit something but do no damage. Something hits you.
You hit something. Something hits you.
You closely miss something. Something hits you.
Your skin crawls.
You feel strong-willed.
You hear some strange, mumbled words.
A puff of flame appears from out of thin air!
The puff of flame hits you.
You miss something. Your squeeze misses something. Something hits you.
You hit something. Something hits you!
* * * LOW HITPOINT WARNING * * *
It was a potion of flight.
You feel very buoyant.
You fly up into the air.
Something hits you.
* * * LOW HITPOINT WARNING * * *
You hear some strange, mumbled words.
A magic dart appears from out of thin air!
The magic dart hits you.
You die...

### ...# #..! ##
#... #.###..# ..
#..))# ###...
#.{# ......
##.@## ###......
#....###......#
#..###.##......#
#...# ##.......#
..#.. ##.....##
..(..##....
#....##
.........#
##..## .........
##.## #.....#
#..#


There were no monsters in sight!

Vanquished Creatures
  A hound (D:3)
  A centaur zombie (D:2)
  2 orc priests (D:4)
  Terence (D:3)
  2 iguanas (D:4)
  An orc wizard (D:4)
  6 adders
  An ooze (D:1)
  4 dart slugs
  3 worms (D:2)
  3 leopard geckos (D:3)
  5 orcs
  A ball python (D:1)
  4 giant cockroaches (D:3)
  6 goblins
  6 hobgoblins
  6 jackals
  A quokka (D:2)
  5 bats
  8 frilled lizards
  8 kobolds
  4 rats
79 creatures vanquished.

Vanquished Creatures (others)
  3 withered plants (D:2)
3 creatures vanquished.

Grand Total: 82 creatures vanquished

Notes
Turn   | Place    | Note
-------+----------+-------------------------------------------
     0 | D:1      | robertstho the Octopode Berserker began the quest for the
                  | Orb.
     0 | D:1      | Reached XP level 1. HP: 16/16 MP: 1/1
   300 | D:1      | Reached XP level 2. HP: 14/21 MP: 2/2
   771 | D:1      | Reached XP level 3. HP: 19/27 MP: 3/3
  1164 | D:1      | Identified Sif Muna's Reference Book on Companions
  1276 | D:2      | Reached skill level 1 in Stealth
  1434 | D:2      | Reached skill level 2 in Stealth
  1437 | D:2      | Reached ** piety under Trog
  1649 | D:2      | Found an ancient bone altar of Kikubaaqudgha.
  1720 | D:2      | Reached XP level 4. HP: 33/33 MP: 4/4
  2029 | D:2      | Found a glowing silver altar of Zin.
  2032 | D:2      | Found a shadowy altar of Dithmenos.
  2085 | D:2      | Reached skill level 3 in Stealth
  2379 | D:3      | Reached XP level 5. HP: 34/37 MP: 5/5
  2709 | D:3      | Reached skill level 4 in Stealth
  2892 | D:3      | Noticed Terence
  2904 | D:3      | Killed Terence
  3002 | D:3      | Found an opulent altar of Gozag.
  3315 | D:3      | Reached XP level 6. HP: 41/43 MP: 6/6
  3424 | D:3      | Found a snail-covered altar of Cheibriados.
  3804 | D:4      | Reached skill level 5 in Stealth
  3889 | D:4      | Killed from afar by an orc wizard

Illustrated notes

Levels and vault maps discovered:
D:1:      nzn_arrival_depleted_hourglass, layout_basic
D:2:      layout_loops_ring, minitemple, kiku_gazebo_garden_becter
D:3:      layout_basic, general_overflow_altar, grunt_gozag_statues,
          uniq_terence
D:4:      layout_layer_cave, overflow_temple_1_default

Skill      XL: |  1  2  3  4  5  6 |
---------------+-------------------+-----
Stealth        | 2 3 4 5 |  5.6
Fighting       | 4 |  4.4
Short Blades   | 4 |  4.1
Dodging        | |  3.9
Shields        | |  0.8

Action                   |  1- 3 |  4- 6 || total
-------------------------+-------+-------++-------
Melee: Short sword       |    66 |       ||    66
       Constrict         |    19 |    22 ||    41
       Tentacles         |    13 |    28 ||    41
       Dagger            |    12 |   116 ||   128
Invok: Berserk           |     1 |     1 ||     2
       Trog's Hand       |       |     1 ||     1
  Use: Potion            |       |     1 ||     1
 Stab: Sleeping          |     8 |    13 ||    21
       Distracted        |     1 |     1 ||     2
Armor: Skin              |     4 |     5 ||     9
Dodge: Dodged            |    31 |    31 ||    62
Block: Buckler           |    11 |    14 ||    25

Table legend: (Time is in decaauts)
 A = Elapsed time spent in this place.
 B = Non-inter-level travel time spent in this place.
 C = Inter-level travel time spent in this place.
 D = Time resting spent in this place.
 E = Time spent auto-exploring this place.
 F = Levels seen in this place.
 G = Mean time per level.
                   A        B        C        D        E       F      G
               +--------+--------+--------+--------+--------+-----+--------+
         Total |   3853 |   3785 |     68 |      0 |   3301 |   4 |  963.2 |
       Dungeon |   3853 |   3785 |     68 |      0 |   3301 |   4 |  963.2 |
               +--------+--------+--------+--------+--------+-----+--------+

Top non-repeatable levels by time:
     D:2: 1185 daAuts
     D:1: 1185 daAuts
     D:3: 1071 daAuts
     D:4: 410 daAuts
